 Dungeon Crawl Stone Soup version 0.31-a0-880-g9a209b2425 (webtiles) character file.

Game seed: 6883955731036172135

39 BinkBink the Trooper (level 3, 0/24 HPs)
             Began as a Gargoyle Berserker on Oct 15, 2023.
             Was a Follower of Trog.
             Slain by Terence
             ... wielding a +0 flail
              (2 damage)
             ... on level 2 of the Dungeon.
             The game lasted 00:01:15 (1393 turns).

BinkBink the Trooper (Gargoyle Berserker)           Turns: 1393, Time: 00:01:16

Health: 0/24       AC:  5    Str: 22    XL:     3   Next: 47%
Magic:  3/3        EV: 12    Int:  7    God:    Trog [*.....]
Gold:   37         SH:  0    Dex:  9    Spells: 2/2 levels left

rFire   . . .        a - +0 hand axe
rCold   . . .        (no shield)
rNeg    + . .        b - +0 animal skin
rPois   ∞            (no helmet)
rElec   +            (no cloak)
rCorr   .            (no gloves)
SInv    .            (no boots)
Will    .....        (no amulet)
Stlth   +            (no ring)
HPRegen 0.24/turn    (no ring)
MPRegen 0.08/turn

%: no passive effects
@: no status effects
A: sickness immunity, AC +3, negative energy resistance 1, electricity
resistance, torment resistance 1, petrification resistance
a: Renounce Religion, Berserk


You were on level 2 of the Dungeon.
You worshipped Trog.
Trog was aware of your devotion.
You visited 1 branch of the dungeon, and saw 2 of its levels.

You collected 37 gold pieces.

Inventory:

Hand Weapons
 a - a +0 hand axe (weapon)
Armour
 b - a +0 animal skin (worn)
Scrolls
 d - 2 scrolls of identify {unknown}
 e - a scroll of teleportation {unknown}
 f - a scroll of blinking {unknown}


   Skills:
 + Level 3.6 Fighting
 * Level 3.3 Axes
 + Level 2.6 Armour
 + Level 1.9 Dodging


You had 2 spell levels left.
You didn't know any spells.
Your spell library was empty.

Dungeon Overview and Level Annotations

Branches:
Dungeon (2/15)

Altars:

Annotations:
D:2 Terence


Innate Abilities, Weirdness & Mutations

You are immune to sickness and miasma.
Your stone body is resilient. (AC +3)
You are immune to poison.
You resist negative energy. (rN+)
You are resistant to electric shocks. (rElec)
You are resistant to unholy torment.
You are immune to petrification.


Message History

a bat corpse; a rat corpse
d - 2 scrolls labelled JAUNOU TAUZUKH (gained 1) As you open the door, it creaks loudly!
You hear a shout!
You hear an angry hiss.
A ball python comes into view.
A ball python is nearby!
A ball python is nearby!
Terence the Incautious comes into view.
He is wielding a +0 flail.
Terence shouts!
There is an open door here.
You barely miss Terence. Terence hits you but does no damage.
You closely miss Terence. Terence hits you with a +0 flail!
You completely miss Terence. Terence barely misses you.
You barely miss Terence. You hit the ball python.
Terence hits you with a +0 flail.
The ball python bites you but does no damage.
The ball python closely misses you. Terence hits you with a +0 flail!
* * * LOW HITPOINT WARNING * * *
You are too injured to fight recklessly!
You are too injured to fight recklessly!
The ball python closely misses you. The ball python grabs you.
The ball python constricts you.
* * * LOW HITPOINT WARNING * * *
It was a potion of curing.
You feel better. The ball python bites you. The ball python constricts you.
* * * LOW HITPOINT WARNING * * *
You hit the ball python.
You kill the ball python!
Trog accepts your kill.
You barely miss Terence. Terence closely misses you.
You hit Terence but do no damage. Terence closely misses you.
You hit Terence but do no damage. Terence barely misses you.
You hit Terence.
Terence is moderately wounded.
Terence hits you with a +0 flail.
* * * LOW HITPOINT WARNING * * *
You slash Terence!
Terence is severely wounded.
Terence hits you with a +0 flail.
You die...

.......#.###.#.#...#
#............####'##
#......#.....####.#
#......###......#.##
#......####.....#..#
#.."...+........##..
#......####.#...####
#@#####..#.#...#...
#.@......#.#...#...
#......†...#...#[..
###.....#.#.....#...
...........#.....#...
............#.........
#.##........#.....#...
# #........#.....#...
#####...##.....#...
#...# .....#.).


You could see Terence.

Vanquished Creatures
  An adder (D:2)
  3 dart slugs
  4 ball pythons
  3 endoplasms (D:1)
  2 giant cockroaches (D:1)
  2 hobgoblins (D:1)
  2 bats (D:2)
  A frilled lizard (D:1)
  A goblin (D:2)
  4 kobolds
  2 rats
25 creatures vanquished.

Notes
Turn   | Place    | Note
-------+----------+-------------------------------------------
     0 | D:1      | BinkBink the Gargoyle Berserker began the quest for the
                  | Orb.
     0 | D:1      | Reached XP level 1. HP: 14/14 MP: 1/1
   102 | D:1      | Found a faded altar of an unknown god.
   184 | D:1      | Reached XP level 2. HP: 19/19 MP: 2/2
  1142 | D:2      | Reached XP level 3. HP: 14/23 MP: 3/3
  1381 | D:2      | Noticed Terence
  1386 | D:2      | HP: 1/23 [constriction (1)]
  1392 | D:2      | HP: 1/24 [Terence/+0 flail (6)]
  1393 | D:2      | Slain by Terence

Illustrated notes

Levels and vault maps discovered:
D:1:      ncdulo_wetmaze, layout_loops_corners, serial_forest,
          infiniplex_forest_end_double, infiniplex_forest_clump_double,
          infiniplex_forest_clump_cross, infiniplex_forest_lined_room_2,
          infiniplex_forest_straight_4, infiniplex_forest_end_1,
          infiniplex_forest_lined_3_way, infiniplex_forest_straight_2,
          infiniplex_forest_fountain, infiniplex_forest_corner_1,
          ebering_ecumenical_altar_ruins, minmay_pentomino_w2
D:2:      layout_basic, uniq_terence

Skill      XL: |  1  2 |
---------------+-------+-----
Axes           | 3 |  3.3
Fighting       | |  3.6
Armour         | |  2.6
Dodging        | |  1.9

Action                     || total
---------------------------++-------
  Melee: Hand axe          ||   101
         Punch             ||     1
    Use: Potion            ||     1
   Stab: Sleeping          ||     2
 Armour: Animal skin       ||    64
  Dodge: Dodged            ||    59

Table legend: (Time is in decaauts)
 A = Elapsed time spent in this place.
 B = Non-inter-level travel time spent in this place.
 C = Inter-level travel time spent in this place.
 D = Time resting spent in this place.
 E = Time spent auto-exploring this place.
 F = Levels seen in this place.
 G = Mean time per level.
                   A        B        C        D        E       F      G
               +--------+--------+--------+--------+--------+-----+--------+
         Total |   1425 |   1372 |     53 |      0 |   1168 |   2 |  712.5 |
       Dungeon |   1425 |   1372 |     53 |      0 |   1168 |   2 |  712.5 |
               +--------+--------+--------+--------+--------+-----+--------+

Top non-repeatable levels by time:
     D:1: 1153 daAuts
     D:2: 272 daAuts
